 Seeded DCSS version 0.30-a0-1016-gfb0d676c02 (webtiles) character file.

Game seed: 9098500119642607015 (custom seed)

16 Mickster the Chopper (level 2, 0/27 HPs)
             Began as a Hill Orc Berserker on Apr 6, 2023.
             Was a Follower of Trog.
             Slain by a quokka (3 damage)
             ... on level 1 of the Dungeon.
             The game lasted 00:03:45 (372 turns).

Mickster the Chopper (Hill Orc Berserker)            Turns: 372, Time: 00:03:46

Health: 0/27       AC:  2    Str: 19    XL:     2   Next: 54%
Magic:  2/2        EV: 12    Int:  7    God:    Trog [*.....]
Gold:   0          SH:  0    Dex: 10    Spells: 1/1 levels left

rFire   . . .      SeeInvis .    a - +0 hand axe
rCold   . . .      Faith    .    (no shield)
rNeg    . . .      Spirit   .    b - +0 animal skin
rPois   .          Reflect  .    (no helmet)
rElec   .          Rampage  .    (no cloak)
rCorr   .                        (no gloves)
Will    .....                    (no boots)
Stlth   +                        (no amulet)
HPRegen 0.24/turn                (no ring)
MPRegen 0.08/turn                (no ring)

@: on berserk cooldown, slowed, very slow
A: no striking features
a: Renounce Religion, Berserk


You were on level 1 of the Dungeon.
You worshipped Trog.
Trog was aware of your devotion.
You visited 1 branch of the dungeon, and saw 1 of its levels.

Inventory:

Hand Weapons
 a - a +0 hand axe (weapon)
Missiles
 c - 6 stones (quivered)
Armour
 b - a +0 animal skin (worn)
Scrolls
 d - a scroll of identify


   Skills:
 + Level 4.0 Fighting
 + Level 4.6 Axes
 + Level 2.2 Armour
 + Level 1.6 Dodging


You had one spell level left.
You didn't know any spells.
Your spell library was empty.

Dungeon Overview and Level Annotations

Branches:
Dungeon (1/15)

Altars:


Message History

You kill the kobold!
Trog accepts your kill.
c - 6 stones (gained 1)
Things that are here:
a +0 club; a kobold corpse You feel a strong urge to attack something.
You feel your anger nearly subside.
You are no longer berserk.
You are exhausted.
You feel yourself slow down.
A quokka and a giant cockroach come into view.
The quokka bites you.
You barely miss the giant cockroach. You hit the quokka.
The quokka completely misses you. The giant cockroach misses you.
The quokka bites you.
The giant cockroach bites you but does no damage.
You barely miss the quokka.
The quokka is almost dead.
You hit the giant cockroach. The quokka bites you.
The giant cockroach bites you. The quokka bites you.
The giant cockroach bites you.
You closely miss the quokka.
The quokka is almost dead.
You completely miss the giant cockroach.
The quokka closely misses you. The giant cockroach bites you.
The quokka bites you.
* * * LOW HITPOINT WARNING * * *
The giant cockroach closely misses you.
You hit the giant cockroach.
You kill the giant cockroach!
Trog accepts your kill.
You hit the quokka but do no damage. The quokka bites you.
* * * LOW HITPOINT WARNING * * *
The quokka bites you.
* * * LOW HITPOINT WARNING * * *
You hit the quokka but do no damage.
The quokka is almost dead.
The quokka bites you.
* * * LOW HITPOINT WARNING * * *
The quokka bites you.
You die...

########## ####### # #........#
#.....# # #........# #.....# #
#........# #.....# #######
#......r.########.....#
##....####......@..............##
##.#.....#........########.....#.
##.#####.#........# #.....#.
##....#..#.######## #.....#.
.........#.# ######.....#.
#####.###..# ## #....)).####.
#......# . #............ #
#######..#.# #.......#####
.........#.# # #............


You could see a quokka.

Vanquished Creatures
  3 bats (D:1)
  A giant cockroach (D:1)
  3 goblins (D:1)
  A hobgoblin (D:1)
  A kobold (D:1)
  3 ball pythons (D:1)
  2 frilled lizards (D:1)
  A rat (D:1)
15 creatures vanquished.

Notes
Turn   | Place    | Note
-------+----------+-------------------------------------------
     0 | D:1      | Mickster the Hill Orc Berserker began the quest for the
                  | Orb.
     0 | D:1      | Reached XP level 1. HP: 19/19 MP: 1/1
   177 | D:1      | Reached XP level 2. HP: 27/27 MP: 2/2
   372 | D:1      | Slain by a quokka

Illustrated notes

Levels and vault maps discovered:
D:1:      wander_arrival_estate, layout_basic

Skill      XL: |  1  2 |
---------------+-------+-----
Fighting       | 4 |  4.0
Axes           | |  4.6
Armour         | |  2.2
Dodging        | |  1.6

Action                     || total
---------------------------++-------
  Melee: Hand axe          ||    46
 Invoke: Berserk           ||     2
    Use: Scroll            ||     1
 Armour: Animal skin       ||    21
  Dodge: Dodged            ||    56

Table legend: (Time is in decaauts)
 A = Elapsed time spent in this place.
 B = Non-inter-level travel time spent in this place.
 C = Inter-level travel time spent in this place.
 D = Time resting spent in this place.
 E = Time spent auto-exploring this place.
 F = Levels seen in this place.
 G = Mean time per level.
                   A        B        C        D        E       F      G
               +--------+--------+--------+--------+--------+-----+--------+
         Total |    391 |    391 |      0 |      0 |      0 |   1 |  391.0 |
       Dungeon |    391 |    391 |      0 |      0 |      0 |   1 |  391.0 |
               +--------+--------+--------+--------+--------+-----+--------+

Top non-repeatable levels by time:
     D:1: 391 daAuts
